 Dungeon Crawl Stone Soup version 0.25-a0-164-gb55e97dba5 (webtiles) character file.

Game seed: 273814957401463162, levelgen mode: deterministic

6 MisterFreud the Charmwright (level 1, -2/9 HPs)
             Began as a Felid Wanderer on Nov 22, 2019.
             Slain by a leopard gecko (4 damage)
             ... on level 2 of the Dungeon.
             The game lasted 00:00:54 (591 turns).

MisterFreud the Charmwright (Felid Wanderer)         Turns: 591, Time: 00:00:55

Health: -2/9       AC:  1    Str:  8    XL:     1   Next: 75%
Magic:  4/4        EV: 15    Int: 12    God:
Gold:   0          SH:  0    Dex: 16    Spells: 4/4 levels left
                                        Lives:  0   Deaths: 0

rFire    . . .     SeeInvis +   (weapon unavailable)
rCold    . . .     Gourm    .   (shield unavailable)
rNeg     . . .     Faith    .   (armour unavailable)
rPois    .         Spirit   .   (helmet unavailable)
rElec    .         Reflect  .   (cloak unavailable)
rCorr    .         Harm     .   (gloves unavailable)
MR       .....                  (boots unavailable)
Stlth    +++.......             (no amulet)
HPRegen  0.03/turn              (no ring)
MPRegen  0.09/turn              (no ring)

@: quick
A: very small, no armour, no weapons or thrown items, stealth, claws 1, fangs 3,
see invisible, carnivore, speed 1, shaggy fur 1, slow metabolism 1, sharp paws
a: no special abilities


You were on level 2 of the Dungeon.
You were full.

You visited 1 branch of the dungeon, and saw 2 of its levels.

Inventory:

Comestibles
 d - a ration


   Skills:
 + Level 1.4 Fighting
 - Level 2.6 Stealth
 - Level 2.0 Spellcasting
   Level 4.8 Charms
   Level 1.0 Fire Magic
   Level 1.0 Poison Magic


You had 4 spell levels left.
You didn't know any spells.
Your spell library contained the following spells:

 Spells                   Type           Power        Failure   Level  Hunger
 Infusion                 Chrm           ##..         3%          1    ##.....
 Song of Slaying          Chrm           ##......     5%          2    ###....
 Shroud of Golubria       Chrm/Tloc      #.....       16%         2    ###....
 Flame Tongue             Conj/Fire      #....        22%         1    ##.....
 Regeneration             Chrm/Necr      #.........   30%         3    ####...
 Conjure Flame            Conj/Fire      #.......     54%         3    ####...
 Spectral Weapon          Hex/Chrm       Unusable     N/A         3    N/A

Dungeon Overview and Level Annotations

Branches:
Dungeon (2/15)

Altars:


Innate Abilities, Weirdness & Mutations

You cannot wear armour.
You are incapable of wielding weapons or throwing items.
Your paws allow you to move quietly. (Stealth)
You have sharp claws.
You have razor-sharp teeth.
You have supernaturally acute eyesight. (SInv)
You are carnivorous and can eat meat at any time.
You cover ground quickly.
You are covered in fur. (AC +1)
You have a slow metabolism.
Your sharp claws are effective at attacking unaware monsters.


Message History

A frilled lizard comes into view.
Found a robe.
A leopard gecko comes into view.
The frilled lizard hisses angrily.
There is an open door here.
The frilled lizard bites you.
You scratch the frilled lizard.
You kill the frilled lizard!
A kobold comes into view.
The leopard gecko hisses angrily.
The kobold throws a stone.
The stone closely misses you.
You see here a stone.
Found 13 gold pieces.
You miss the leopard gecko. Your bite misses the leopard gecko.
The leopard gecko closely misses you.
You miss the leopard gecko. The leopard gecko bites you.
You closely miss the leopard gecko. The leopard gecko bites you.
* * * LOW HITPOINT WARNING * * *
The leopard gecko bites you.
You die...

#.#### ......
#.##.. +.....#
#.##.###...#.# .
#.##..[....#.#..
#.##............
#..'............
####..(.........
+............
#....@K......
#....l..##...
#..........
#............
#............
#....######..
#...$# . #....


You could see a leopard gecko and a kobold.

Vanquished Creatures
  A ball python (D:1)
  2 giant cockroaches
  A bat (D:1)
  A frilled lizard (D:2)
  A rat (D:1)
6 creatures vanquished.

Notes
Turn   | Place    | Note
-------+----------+-------------------------------------------
     0 | D:1      | MisterFreud the Felid Wanderer began the quest for the Orb.
     0 | D:1      | MisterFreud set off with the following items: a ration; and
                  | the following spells available to memorise: Infusion, Song
                  | of Slaying, Shroud of Golubria, Flame Tongue, Regeneration,
                  | Conjure Flame
     0 | D:1      | Reached XP level 1. HP: 7/7 MP: 4/4
   375 | D:1      | Reached skill level 1 in Fighting
   591 | D:2      | Slain by a leopard gecko

Levels and vault maps discovered:
D:1:      wheals_arrival_linesprint, layout_rooms, serial_corexii_hall,
          corexii_hall_statues_t, chequers_hall_statues_y
D:2:      layout_basic

Skill      XL: |  1 |
---------------+----+-----
Fighting       | 1 |  1.4
Stealth        | |  2.6
Spellcasting   | |  2.0
Charms         | |  4.8
Fire Magic     | |  1.0
Poison Magic   | |  1.0

Action                   || total
-------------------------++-------
Melee: Unarmed           ||    25
       Bite              ||     3
 Stab: Sleeping          ||     1
  Eat: Chunk             ||     3
Armor: Skin              ||     1
Dodge: Dodged            ||    22

Table legend:
 A = Non-vault XP
 B = Vault XP
 C = Vault XP percentage of total XP
 D = Non-vault monster count
 E = Vault monster count
 F = Vault count percentage of total count
                 A         B        C        D         E       F
            +---------+---------+-------+---------+---------+-------
      Total |       9 |       0 |   0.0 |       6 |       0 |   0.0
            +---------+---------+-------+---------+---------+-------
        D:1 |       6 |       0 |   0.0 |       4 |       0 |   0.0
        D:2 |       3 |       0 |   0.0 |       2 |       0 |   0.0
            +---------+---------+-------+---------+---------+-------
